Map: Shrines of Lizul

Players

JuiceBoxes - Winner!

  • Race: Terran Terran
  • League: Platinum
  • Spawn Location: 12:00

Sproutacus - Winner!

  • Race: Protoss Protoss
  • League: Silver
  • Spawn Location: 3:00

Throwfordays

  • Race: Protoss Protoss
  • League: Silver
  • Spawn Location: 6:00

Faust

  • Race: Zerg Zerg
  • League: Diamond
  • Spawn Location: 9:00

VOD

Have the link to the VOD?

Description

Time

  • Played on: May 2, 2019, 11:04 p.m.
  • Length: 8:39
Show
View Real Time Build Order
Export as new Build Order

JuiceBoxes Terran - Winner!

Build Orders:  

Get SALT Encoding   

  12  0:01  SCV  
  13  0:13  SCV  
  14  0:23  Supply Depot  
  14  0:26  SCV  
  15  0:44  SCV  
  15  0:46  Barracks  
  15  0:47  Refinery  
  16  0:56  SCV  
  17  1:08  SCV  
  17  1:10  Barracks  
  18  1:21  SCV  
  18  1:24  Refinery  
  19  1:34  Reaper, Orbital Command  
  20  1:43  Supply Depot  
  20  2:00  Barracks  
  20  2:01  Reaper  
  21  2:05  SCV  
  22  2:11  Reaper  
  23  2:20  SCV  
  24  2:35  Reaper  
  24  2:36  SCV  
  26  2:43  Reaper  
  27  2:55  Reaper  
  27  2:56  SCV  
  29  2:59  Supply Depot  
  29  3:07  Reaper  
  30  3:18  Reaper  
  31  3:20  SCV  
  31  3:22  Supply Depot  
  31  3:26  Command Center  
  32  3:31  Engineering Bay  
  32  3:33  SCV  
  33  3:45  SCV  
  34  3:56  Reaper x3  
  34  3:57  SCV  
  37  4:18  SCV  
  37  4:22  Missile Turret  
  37  4:23  Missile Turret  
  38  4:27  Marine, Factory  
  38  4:28  Marine x2  
  39  4:46  SCV  
  40  4:58  SCV  
  39  5:12  Marine x3  
  39  5:26  Widow Mine  
  41  5:29  Orbital Command  
  41  5:30  Marine x2  
  43  5:46  Orbital Command  
  42  5:53  SCV  
  41  5:58  Factory Tech Lab  
  41  5:59  Barracks Tech Lab x2  
  41  6:06  Barracks Reactor  
  42  6:11  SCV  
  42  6:12  SCV, Starport  
  43  6:25  SCV x2  
  45  6:26  Cyclone  
  45  6:27  Marine x2  
  45  6:28  Combat Shield  
  45  6:30  Terran Infantry Weapons Level 1  
  50  6:35  Engineering Bay  
  50  6:37  SCV x2, Supply Depot  
  50  6:39  Supply Depot  
  52  6:43  Marine  
  53  6:49  SCV x2  
  53  6:50  Stimpack  
  53  6:53  Medivac  
  57  6:55  Barracks  
  57  6:56  Barracks x2  
  57  6:59  Supply Depot x2  
  57  7:01  SCV  
  57  7:02  SCV  
  57  7:07  Refinery  
  59  7:12  Command Center  
  59  7:13  Marine x4, SCV  
  64  7:17  Siege Tank  
  64  7:22  SCV  
  68  7:25  SCV  
  68  7:26  Missile Turret  
  68  7:29  Missile Turret  
  69  7:30  Starport Reactor  
  69  7:33  Marine x2  
  69  7:34  Marine, SCV  
  73  7:37  SCV  
  74  7:48  Marine x4  
  78  7:52  Supply Depot  
  78  8:06  Bunker  
  78  8:09  SCV  
  78  8:10  Refinery  
  78  8:11  SCV  
  78  8:12  Marine  
  80  8:14  Barracks Reactor x3  
  88  8:21  SCV  
  88  8:22  Armory  
Show
View Real Time Build Order
Export as new Build Order

Sproutacus Protoss - Winner!

Build Orders: Cannon Rush 

Get SALT Encoding   

  12  0:01  Probe  
  13  0:13  Probe  
  14  0:20  Pylon  
  14  0:25  Probe  
  15  0:38  Probe  
  16  0:44  Forge  
  16  0:50  Probe  
  17  1:10  Pylon  
  18  1:11  Probe  
  18  1:13  Assimilator  
  18  1:19  Gateway  
  17  1:31  Probe  
  18  1:36  Photon Cannon  
  18  1:41  Photon Cannon  
  18  1:50  Photon Cannon  
  17  2:10  Probe  
  18  2:16  Pylon  
  18  2:19  Assimilator  
  18  2:22  Probe  
  19  2:23  Zealot  
  21  2:34  Probe  
  21  2:35  Gateway  
  22  2:39  Cybernetics Core  
  22  2:45  Gateway  
  22  2:52  Pylon  
  22  2:55  Warp Gate  
  22  3:09  Probe  
  23  3:13  Zealot  
  23  3:19  Photon Cannon  
  25  3:21  Probe  
  26  3:32  Gateway  
  26  3:42  Photon Cannon  
  26  3:53  Stalker  
  28  3:56  Zealot  
  30  4:09  Twilight Council  
  30  4:10  Probe  
  30  4:12  Stalker  
  33  4:47  Stalker x3  
  39  5:07  Dark Shrine  
  39  5:22  Pylon  
  39  5:47  Zealot x3  
  39  5:48  Zealot  
  35  6:23  Zealot x4  
  37  6:58  Dark Templar x2  
  37  6:59  Dark Templar x2  
  23  7:21  Dark Templar x4  
  31  7:25  Nexus  
  31  7:27  Pylon  
  31  7:29  Pylon  
  30  7:39  Probe  
  31  7:50  Assimilator  
  31  7:52  Assimilator  
  31  7:56  Pylon  
Show
View Real Time Build Order
Export as new Build Order

Throwfordays Protoss 

Build Orders:  

Get SALT Encoding   

  12  0:01  Probe  
  13  0:15  Pylon  
  13  0:18  Probe  
  14  0:30  Probe  
  15  0:36  Gateway  
  15  0:42  Probe  
  15  0:46  Assimilator  
  16  0:55  Probe  
  17  1:02  Assimilator  
  17  1:07  Probe  
  18  1:19  Probe  
  19  1:29  Zealot  
  19  1:31  Probe  
  22  1:44  Probe  
  22  1:47  Cybernetics Core  
  23  2:09  Pylon  
  23  2:27  Stargate, Probe  
  24  2:31  Adept  
  24  2:39  Probe  
  25  2:46  Nexus  
  25  2:51  Probe  
  25  2:54  Warp Gate  
  24  3:03  Probe  
  21  3:14  Probe  
  21  3:19  Void Ray  
  26  3:22  Probe  
  27  3:31  Pylon  
  27  3:38  Probe  
  26  3:45  Adept  
  17  4:20  Probe  
  18  4:45  Probe  
  18  4:49  Probe  
  19  4:53  Probe  
  19  4:57  Probe  
  21  5:03  Probe  
  23  5:07  Probe  
  24  5:15  Probe  
  24  5:17  Probe  
  26  5:24  Probe  
  26  5:25  Probe  
  27  5:32  Probe  
  27  5:33  Probe  
  28  5:41  Probe  
  30  5:45  Probe  
  32  5:54  Probe  
  31  5:57  Probe  
  31  5:59  Void Ray  
  31  6:02  Adept  
  38  6:06  Probe  
  39  6:18  Probe  
  34  6:26  Adept  
  34  6:27  Probe  
  34  6:30  Probe  
  36  6:35  Probe  
  37  6:42  Probe  
  37  6:45  Probe  
  39  6:54  Probe  
  39  6:57  Probe  
  39  6:58  Adept, Void Ray  
  47  7:05  Assimilator  
  47  7:06  Probe  
  48  7:09  Probe  
  49  7:21  Probe  
  50  7:23  Probe  
  51  7:33  Probe  
  51  7:35  Assimilator  
  52  7:42  Stargate  
  52  7:45  Probe  
  53  7:55  Robotics Facility  
  53  7:57  Probe  
  54  8:08  Forge  
  54  8:11  Pylon  
  54  8:16  Pylon  
  54  8:18  Pylon  
Show
View Real Time Build Order
Export as new Build Order

Faust Zerg 

Build Orders: Hatch First 

Get SALT Encoding   

  12  0:02  Drone  
  13  0:11  Drone  
  14  0:17  Extractor  
  14  0:19  Drone  
  15  0:23  Overlord  
  15  0:43  Drone  
  15  0:44  Drone  
  17  0:57  Hatchery  
  17  1:02  Drone  
  17  1:05  Extractor, Drone  
  17  1:07  Drone  
  18  1:21  Spawning Pool  
  16  2:09  Queen  
  16  2:10  Spine Crawler  
  17  2:17  Spine Crawler  
  17  2:19  Queen  
  18  2:25  Metabolic Boost  
  18  2:27  Zergling x2  
  19  2:33  Zergling x2  
  20  2:37  Drone  
  19  3:04  Zergling x6  
  20  3:15  Zergling x4  
  20  3:17  Overlord  
  21  3:44  Zergling x4  
  22  3:58  Hatchery  
  20  4:05  Zergling x6  
  21  4:20  Zergling x8  
  25  4:43  Zergling x4  
  20  5:06  Zergling x4  
  20  5:07  Zergling x2  
  18  5:13  Queen  
  14  5:23  Zergling x8  
  18  5:36  Zergling x6  
  18  5:37  Zergling x2, Spine Crawler  
  20  6:06  Queen  
  20  6:10  Zergling x2  
  16  6:23  Zergling x4  
  16  6:24  Zergling x2  
  17  6:35  Zergling x2  
  17  6:41  Queen  
  17  7:10  Spawning Pool  
  15  7:16  Drone x4  
  19  7:27  Drone  
  20  7:36  Drone  
  19  7:55  Drone  
  19  7:56  Drone  
Tags
 
Add a new tag
Caveats
  • Supply blocks, unpowered buildings, or Contaminate may cause inaccurate times.
  • Supply counts are checked every 10 seconds.